 Dungeon Crawl Stone Soup version 0.23.2 (webtiles) character file.

Game seed: 7071572167013891395

112 KOK29364 the Gusty (level 4, -2/33 HPs)
             Began as a Draconian Air Elementalist on Apr 8, 2019.
             Slain by a gnoll
             ... wielding a +0 whip
              (4 damage)
             ... on level 4 of the Dungeon.
             The game lasted 00:14:56 (2942 turns).

KOK29364 the Gusty (Draconian Air Elementalist)     Turns: 2942, Time: 00:14:56

Health: -2/33      AC:  8    Str: 15    XL:     4   Next: 63%
Magic:  0/7        EV: 12    Int: 18    God:
Gold:   150        SH:  0    Dex: 12    Spells: 1/7 levels left

rFire    . . .     SeeInvis .   c - +0 short sword
rCold    + . .     Gourm    .   (no shield)
rNeg     . . .     Faith    .   (armour unavailable)
rPois    +         Spirit   .   (helmet restricted)
rElec    .         Reflect  .   (no cloak)
rCorr    .         Harm     .   h - +2 pair of gloves
MR       .....                  (no boots)
Stlth    ++........             (no amulet)
HPRegen  0.11/turn              o - +5 ring of strength
MPRegen  0.10/turn              j - ring of poison resistance

@: very slightly contaminated
A: unfitting armour, blink, clever 1, cold resistance 1, screaming 1,
cold-blooded, AC +5
a: Blink


You were on level 4 of the Dungeon.
You were hungry.

You visited 1 branch of the dungeon, and saw 4 of its levels.

You collected 150 gold pieces.

Inventory:

Hand Weapons
 c - a +0 short sword (weapon)
Missiles
 a - 156 stones
 e - 5 tomahawks (quivered)
 f - 46 arrows
 i - 11 bolts
Armour
 h - a +2 pair of gloves (worn)
 n - a +0 pair of gloves
Jewellery
 g - an uncursed ring of ice
 j - a ring of poison resistance (right hand)
 o - a +5 ring of strength (left hand)
Scrolls
 k - a scroll of fear
 m - a scroll of fog
Potions
 d - a potion of curing
 l - a potion of magic {unknown}
 q - 2 potions of berserk rage
Comestibles
 b - 4 rations


   Skills:
 + Level 0.1 Fighting
 + Level 1.0 Short Blades
 + Level 2.5 Dodging
 + Level 2.8 Stealth
 + Level 2.4 Spellcasting
 + Level 1.7 Conjurations
 + Level 3.5 Air Magic


You had one spell level left.
You knew the following spells:

 Your Spells              Type           Power        Failure   Level  Hunger
a - Shock                 Conj/Air       ##..         6%          1    #......
b - Swiftness             Chrm/Air       #.......     13%         2    ##.....
c - Static Discharge      Conj/Air       ##......     19%         3    ###....

Your spell library contained the following spells:

 Spells                   Type           Power        Failure   Level  Hunger
 Airstrike                Air            ###.......   36%         4    #####..
 Lightning Bolt           Conj/Air       ##........   86%         5    ######.


Dungeon Overview and Level Annotations

Branches:
Dungeon (4/15)
 Temple: D:4-7

Altars:
Ashenzari
Dithmenos


Innate Abilities, Weirdness & Mutations

Your plain brown scales are hard. (AC +5)
You cannot fit into any form of body armour.
You are cold-blooded and may be slowed by cold attacks.
You can translocate small distances at will.
Your mind is acute. (Int +2)
Your flesh is cold resistant. (rC+)
You occasionally shout uncontrollably at your foes.


Message History

The gnoll is severely wounded.
The zap misses the gnoll.
The gnoll hits you from afar with a +0 spear!
The gnoll misses you.
You hit the gnoll.
You kill the gnoll!
Your Short Blades skill increases to level 1!
The gnoll barely misses you. The gnoll hits you with a +0 whip.
The gnoll hits you from afar with a +0 spear!
* * * LOW HITPOINT WARNING * * *
You hit the gnoll.
The gnoll is severely wounded.
The gnoll hits you but does no damage.
The gnoll hits you from afar with a +0 spear.
* * * LOW HITPOINT WARNING * * *
Casting: Shock (safe; 6% risk of failure)
Confirm with . or Enter, or press ? or * to list all spells.
You miscast Static Discharge.
Nothing appears to happen.
The gnoll hits you with a +0 whip.
You die...

.. #..### # #. .....
# .#. ##. ...###.##
....#.. #.......
#....####......##
..#.....##...# ...#
#.....<.....##...##
.............#.....#
####......@.........
#.......g.........
#......gg..##.....
##.......##.......
............#.....
........)...####..
.......w....# .#
..#......#..#
.........#..#


You could see a worm and 3 gnolls.

Vanquished Creatures
  Robin (D:3)
  A gnoll (D:4)
  An adder (D:2)
  3 worms
  A dart slug (D:1)
  6 leopard geckos
  An orc (D:3)
  5 bats
  A bat zombie (D:1)
  3 giant cockroaches
  12 goblins
  7 hobgoblins
  4 frilled lizards
  9 kobolds
  A leopard gecko zombie (D:1)
  6 rats
62 creatures vanquished.

Notes
Turn   | Place    | Note
-------+----------+-------------------------------------------
     0 | D:1      | KOK29364 the Draconian Air Elementalist began the quest for
                  | the Orb.
     0 | D:1      | Reached XP level 1. HP: 14/14 MP: 3/3
   178 | D:1      | Reached XP level 2. HP: 20/20 MP: 5/5
   182 | D:1      | Learned a level 2 spell: Swiftness
   926 | D:1      | Reached XP level 3. HP: 26/26 MP: 3/6
   931 | D:1      | Learned a level 3 spell: Static Discharge
  1450 | D:2      | Found a shadowy altar of Dithmenos.
  1637 | D:2      | Found a shattered altar of Ashenzari.
  1652 | D:2      | Gained mutation: Your flesh is cold resistant. (rC+)
                  | [potion of mutation]
  1652 | D:2      | Gained mutation: Your mind is acute. (Int +2) [potion of
                  | mutation]
  1652 | D:2      | Gained mutation: You occasionally shout uncontrollably at
                  | your foes. [potion of mutation]
  1652 | D:2      | Gained mutation: You can translocate small distances at
                  | will. [potion of mutation]
  2216 | D:3      | Reached XP level 4. HP: 30/33 MP: 1/7
  2430 | D:3      | Noticed Robin
  2462 | D:3      | Killed Robin
  2936 | D:4      | Reached skill level 1 in Short Blades
  2942 | D:4      | Slain by a gnoll

Skill      XL: |  1  2  3  4 |
---------------+-------------+-----
Dodging        | 2 |  2.5
Stealth        | 2 |  2.8
Short Blades   | 1 |  1.0
Fighting       | |  0.1
Spellcasting   | |  2.4
Conjurations   | |  1.7
Air Magic      | |  3.5

Action                   |  1- 3 |  4- 6 || total
-------------------------+-------+-------++-------
Melee: Short sword       |    57 |    28 ||    85
       Unarmed           |     3 |       ||     3
       Tailslap          |    14 |     3 ||    17
 Cast: Shock             |    48 |    12 ||    60
       Static Discharge  |     2 |     3 ||     5
  Use: Scroll            |     8 |     2 ||    10
       Potion            |     1 |       ||     1
  Eat: Chunk             |     5 |     2 ||     7
Armor: Skin              |    32 |    19 ||    51
Dodge: Dodged            |    56 |    37 ||    93
